 Dungeon Crawl Stone Soup version 0.31-a0-1376-g36f0627844 (webtiles) character file.

Game seed: 7831515583355827622

11 Amplified the Apothecary (level 2, -1/21 HPs)
             Began as a Demonspawn Alchemist on Dec 24, 2023.
             Slain by a kobold
             ... wielding a +0 club
              (4 damage)
             ... on level 1 of the Dungeon.
             The game lasted 00:01:20 (609 turns).

Amplified the Apothecary (Demonspawn Alchemist)      Turns: 609, Time: 00:01:20

Health: -1/21      AC:  3    Str:  8    XL:     2   Next: 13%
Magic:  1/5        EV: 11    Int: 15    God:
Gold:   74         SH:  0    Dex: 13    Spells: 4/5 levels left

rFire   . . .        j - +0 whip
rCold   . . .        (no shield)
rNeg    . . .        h - +0 leather armour
rPois   .            (no helmet)
rElec   .            (no cloak)
rCorr   .            (no gloves)
SInv    .            (no boots)
Will    .....        (no amulet)
Stlth   ++           (no ring)
HPRegen 0.23/turn    (no ring)
MPRegen 0.09/turn

%: no passive effects
@: no status effects
A: powered by death 1
a: no special abilities


You were on level 1 of the Dungeon.
You visited 1 branch of the dungeon, and saw 1 of its levels.

You collected 74 gold pieces.

Inventory:

Hand Weapons
 i - a +0 dagger
 j - a +0 whip (weapon)
Armour
 a - a +0 robe
 b - a +0 chain mail
 h - a +0 leather armour (worn)
Jewellery
 f - a ring of flight
Scrolls
 c - a scroll of immolation {unknown}
 d - a scroll of teleportation {unknown}
 e - a scroll of enchant armour {unknown}
 k - a scroll of identify {unknown}
Potions
 g - a potion of ambrosia {unknown}


   Skills:
 * Level 1.0 Fighting
 * Level 0.0 Maces & Flails
 * Level 0.9 Armour
 - Level 1.7 Dodging
 - Level 1.7 Stealth
 * Level 2.1 Spellcasting
 - Level 1.0 Conjurations
 - Level 3.0 Alchemy


You had 4 spell levels left.
You knew the following spells:

 Your Spells              Type           Power      Damage    Failure   Level
a - Sting                 Conj/Alch      28%        1d4       14%         1

Your spell library contained the following spells:

 Spells                   Type           Power      Damage    Failure   Level
 Mercury Vapours          Alch/Air       12%        N/A       26%         2
 Mephitic Cloud           Conj/Alch/Air  5%         N/A       47%         3
 Olgreb's Toxic Radiance  Alch           10%        N/A       65%         4
 Sticky Flame             Fire/Alch      6%         2d4       86%         4


Dungeon Overview and Level Annotations

Branches:
Dungeon (1/15)

Altars:


Innate Abilities, Weirdness & Mutations

You regenerate a little health from kills.


Message History

The sting misses the ball python.
The sting misses the kobold.
The ball python bites you.
* * * LOW HITPOINT WARNING * * *
The ball python barely misses you. The ball python misses you.
The ball python grabs you. The ball python constricts you.
* * * LOW HITPOINT WARNING * * *
Casting: Sting (safe; 14% risk of failure)
Confirm with . or Enter, or press ? or * to list all spells.
Aiming: Sting (safe; 14% risk of failure)
Press: ? - help, Shift-Dir - straight line, f/p - ball python
Aim: a ball python (constricting you, 64% to hit)
The sting hits the ball python.
The ball python is poisoned.
The ball python is severely wounded.
You kill the ball python!
Unknown command.
Okay, then.
You completely miss the kobold. The kobold closely misses you.
You hit the kobold but do no damage. The kobold hits you with a +0 club.
* * * LOW HITPOINT WARNING * * *
Unknown command.
Casting: Sting (safe; 14% risk of failure)
Confirm with . or Enter, or press ? or * to list all spells.
Aiming: Sting (safe; 14% risk of failure)
Press: ? - help, Shift-Dir - straight line, f - kobold
Aim: a kobold, wielding a +0 club (60% to hit)
The sting hits the kobold but does no damage.
The kobold is poisoned.
The kobold hits you with a +0 club.
* * * LOW HITPOINT WARNING * * *
Unknown command.
Unknown command.
Unknown command.
Casting: Sting (safe; 14% risk of failure)
Confirm with . or Enter, or press ? or * to list all spells.
Aiming: Sting (safe; 14% risk of failure)
Press: ? - help, Shift-Dir - straight line, f/p - kobold
Aim: a kobold, wielding a +0 club (poisoned, 60% to hit)
The sting hits the kobold.
The kobold looks even sicker.
The kobold is severely wounded.
The kobold hits you with a +0 club.
You die...

#......#####.#
#######.#.#..# #.#
...)....#....# #.#
#######.##...# #..
#......#######
########.#.#......
#.................
#.##.##....#.###..
#@##.##(...#.# #..
..#######K##.##....#.# #.#
..........##.###.#.#.###.#
#.######..##.# #.........#
!######..##.# #.#........
..S......##.# #.#.......#
##.###.# #.#........
#.###.###.#........
#.................#


You could see a kobold (very poisoned).

Vanquished Creatures
  An endoplasm (D:1)
  A giant cockroach (D:1)
  2 goblins (D:1)
  A hobgoblin (D:1)
  A ball python (D:1)
  A bat (D:1)
  2 frilled lizards (D:1)
  A kobold (D:1)
  A rat (D:1)
11 creatures vanquished.

Notes
Turn   | Place    | Note
-------+----------+-------------------------------------------
     0 | D:1      | Amplified the Demonspawn Alchemist began the quest for the
                  | Orb.
     0 | D:1      | Reached XP level 1. HP: 13/13 MP: 3/3
   488 | D:1      | Reached skill level 1 in Fighting
   488 | D:1      | Gained mutation: You regenerate a little health from kills.
                  | [demonic ancestry]
   488 | D:1      | Reached XP level 2. HP: 18/21 MP: 5/5
   609 | D:1      | Slain by a kobold

Illustrated notes

Levels and vault maps discovered:
D:1:      dpeg_arrival_tiny_d, layout_loops_ring

Skill      XL: |  1 |
---------------+----+-----
Fighting       | 1 |  1.0
Armour         | |  0.9
Dodging        | |  1.7
Stealth        | |  1.7
Spellcasting   | |  2.1
Conjurations   | |  1.0
Alchemy        | |  3.0

Action                     || total
---------------------------++-------
  Melee: Unarmed           ||    65
         Dagger            ||    13
         Whip              ||     8
   Cast: Sting             ||    10
    Use: Potion            ||     1
   Stab: Sleeping          ||     1
 Armour: Chain mail        ||    72
         Leather armour    ||    18
         Robe              ||     1
  Dodge: Dodged            ||    42

Table legend: (Time is in decaauts)
 A = Elapsed time spent in this place.
 B = Non-inter-level travel time spent in this place.
 C = Inter-level travel time spent in this place.
 D = Time resting spent in this place.
 E = Time spent auto-exploring this place.
 F = Levels seen in this place.
 G = Mean time per level.
                   A        B        C        D        E       F      G
               +--------+--------+--------+--------+--------+-----+--------+
         Total |    608 |    608 |      0 |     14 |    343 |   1 |  608.0 |
       Dungeon |    608 |    608 |      0 |     14 |    343 |   1 |  608.0 |
               +--------+--------+--------+--------+--------+-----+--------+

Top non-repeatable levels by time:
     D:1: 608 daAuts
